Map: New Repugnancy LE

Players

macromore - Winner!

  • Race: Terran Terran
  • League: Diamond
  • Spawn Location: 7:00

VOD

Have the link to the VOD?

Description

Practice Reaper Fe

Time

  • Played on: Feb. 26, 2019, 10:45 p.m.
  • Length: 12:50
Show
View Real Time Build Order
Export as new Build Order

macromore Terran - Winner!

Build Orders:  

Get SALT Encoding   

  12  0:01  SCV  
  13  0:18  SCV  
  14  0:25  Supply Depot  
  14  0:35  SCV  
  15  0:55  SCV  
  15  0:57  Barracks  
  16  1:03  Refinery  
  16  1:12  SCV  
  17  1:29  SCV  
  18  1:46  SCV  
  19  2:03  Orbital Command  
  20  2:10  Reaper  
  20  2:32  Command Center  
  20  2:39  SCV  
  21  2:56  Factory  
  21  3:02  SCV  
  22  3:13  Refinery  
  22  3:17  Supply Depot  
  22  3:25  Barracks Reactor  
  22  3:32  SCV  
  23  3:44  Unknown  
  23  3:49  SCV  
  24  4:06  SCV  
  24  4:08  Starport  
  25  4:14  Orbital Command  
  25  4:18  Marine  
  25  4:19  Marine  
  27  4:20  Factory Tech Lab  
  27  4:31  SCV  
  27  4:33  Barracks  
  27  4:48  SCV  
  28  4:56  SCV  
  29  5:05  SCV  
  30  5:11  Barracks  
  30  5:13  SCV  
  30  5:17  Raven  
  30  5:19  Marine x2  
  35  5:22  SCV  
  35  5:29  Factory Tech Lab  
  36  5:30  SCV  
  36  5:37  Bunker  
  36  5:39  SCV  
  38  5:47  Marine x2, SCV  
  41  6:01  SCV  
  41  6:04  SCV  
  41  6:06  Supply Depot, Stimpack  
  41  6:08  Marauder  
  45  6:12  Factory Reactor  
  45  6:18  SCV  
  46  6:29  SCV  
  47  6:34  Marine x2  
  47  6:37  Unknown  
  47  6:38  Marauder  
  51  6:48  Refinery  
  51  6:49  Starport Tech Lab  
  51  6:51  Starport Reactor  
  51  6:53  Refinery  
  51  6:55  Marauder  
  51  6:56  SCV  
  51  6:57  SCV  
  51  6:59  Widow Mine  
  55  7:00  Widow Mine  
  55  7:07  Engineering Bay  
  55  7:08  Marine x2  
  59  7:13  SCV  
  59  7:18  Supply Depot  
  62  7:23  Marauder  
  62  7:24  Supply Depot  
  62  7:28  Marauder  
  46  7:30  SCV x2  
  68  7:46  Widow Mine x2, SCV  
  69  7:55  Marine x2  
  69  7:57  Medivac  
  77  8:00  Medivac  
  77  8:01  SCV  
  77  8:03  SCV  
  81  8:13  Supply Depot  
  81  8:18  SCV  
  82  8:20  SCV  
  82  8:22  Marine  
  82  8:23  Marine  
  85  8:33  Widow Mine x2  
  85  8:43  Medivac, Marauder  
  85  8:45  Concussive Shells  
  93  8:58  Marine  
  94  9:02  Supply Depot  
  94  9:07  Supply Depot, Terran Infantry Weapons Level 1  
  94  9:25  Marine  
  94  9:28  Widow Mine x2  
  94  9:32  SCV x2, Marauder  
  94  9:36  Marine x2  
  94  9:39  Medivac x2  
  108  9:49  SCV x2  
  110  9:52  Command Center  
  110  10:04  Supply Depot  
  110  10:07  SCV x2, Marauder  
  110  10:08  Marine  
  115  10:16  Marauder  
  115  10:17  Widow Mine  
  117  10:20  Widow Mine  
  117  10:22  Marine  
  117  10:29  SCV  
  117  10:31  Viking  
  117  10:36  Marine  
  117  10:37  Marauder  
  117  10:39  Viking  
  117  10:46  Marine  
  117  10:47  Widow Mine  
  118  10:50  Widow Mine  
  120  11:07  SCV x2  
  120  11:08  Marine  
  120  11:09  Marine  
  126  11:33  Medivac x2, SCV x2, Marauder x2  
  126  11:35  Barracks  
  126  11:36  Supply Depot, Marine, Barracks  
  136  11:46  Armory  
  136  11:49  SCV  
  136  11:51  Orbital Command  
  136  11:55  SCV  
  138  12:06  SCV  
Tags
 
Add a new tag
Caveats
  • Supply blocks, unpowered buildings, or Contaminate may cause inaccurate times.
  • Supply counts are checked every 10 seconds.